 Dungeon Crawl Stone Soup version 0.30-a0-782-ge64f9170bb (webtiles) character file.

Game seed: 4024817308075325087

3066 VanDarkholme the Basher (level 9, 0/96 HPs)
             Began as an Ogre Gladiator on Feb 19, 2023.
             Was a Priest of Kikubaaqudgha.
             Killed by vampiric draining
             ... invoked by a vampire
              (18 damage)
             ... on level 8 of the Dungeon.
             The game lasted 00:28:48 (7900 turns).

VanDarkholme the Basher (Ogre Gladiator)            Turns: 7900, Time: 00:28:48

Health: 0/96       AC:  8    Str: 20    XL:     9   Next: 88%
Magic:  15/15      EV: 10    Int: 13    God:    Kikubaaqudgha [***...]
Gold:   397        SH:  0    Dex: 10    Spells: 8/17 levels left

rFire   . . .      SeeInvis .    g - +2 giant spiked club
rCold   . . .      Faith    .    (shield currently unavailable)
rNeg    . . .      Spirit   .    I - +0 troll leather armour {Pargi}
rPois   +          Reflect  .    k - +1 hat
rElec   .          Harm     .    l - +1 cloak
rCorr   .          Rampage  .    (gloves unavailable)
Will    .....                    (boots unavailable)
Stlth   +                        M - amulet of the acrobat
HPRegen 1.16/turn                J - +4 ring of slaying
MPRegen 0.14/turn                L - ring of poison resistance

@: no status effects
A: large, unfitting armour, tough skin 1
a: Renounce Religion, Unearth Wretches


You were on level 8 of the Dungeon.
You worshipped Kikubaaqudgha.
Kikubaaqudgha was most pleased with you.
You visited 2 branches of the dungeon, and saw 9 of its levels.
You also visited: Sewer.

You collected 534 gold pieces.
You spent 137 gold pieces at shops.

Inventory:

Hand Weapons
 a - a +3 dire flail of freezing
 b - a +2 whip of venom
 g - a +2 giant spiked club (weapon)
 q - a +0 antimagic hand axe
Missiles
 d - 2 throwing nets
 e - 5 large rocks (quivered)
 f - 62 stones
 m - 3 boomerangs
 r - 6 poisoned darts
Armour
 k - a +1 hat (worn)
 l - a +1 cloak (worn)
 F - a +2 robe of positive energy
 I - a +0 troll leather armour (worn) {Pargi}
Jewellery
 u - a ring of protection from cold
 x - the ring of Starshine {*Slow rF+ rC+ Str+5 Dex+6}
   (You found it on level 3 of the Dungeon)

   [ring of dexterity]

   Str:       It affects your strength (+5).
   Dex:       It affects your dexterity (+6).
   rF:        It protects you from fire.
   rC:        It protects you from cold.
   *Slow:     It may slow you when you take damage.
 A - a ring of protection from cold
 E - a ring of protection from fire
 J - a +4 ring of slaying (left hand)
 L - a ring of poison resistance (right hand)
 M - an amulet of the acrobat (around neck)
 R - a +4 ring of protection
Wands
 s - a wand of iceblast (11)
 B - a wand of polymorph (2)
 D - a wand of acid (7)
 N - a wand of mindburst (14)
Scrolls
 h - 2 scrolls of silence {unknown}
 i - a scroll of butterflies {unknown}
 j - a scroll of vulnerability {unknown}
 n - 2 scrolls of immolation
 o - 3 scrolls of fear
 p - 2 scrolls of noise {unknown}
 t - 3 scrolls of blinking {unknown}
 v - a scroll of torment {unknown}
 w - 3 scrolls of teleportation
 y - 4 scrolls of identify
 G - 3 scrolls of fog
 H - a scroll of amnesia {unknown}
 O - a scroll of magic mapping
Potions
 c - 6 potions of curing
 z - a potion of invisibility
 C - 2 potions of brilliance
 K - 2 potions of heal wounds
 P - 2 potions of attraction
 Q - a potion of lignification


   Skills:
 + Level 8.0 Fighting
 * Level 8.1 Maces & Flails
 - Level 5.0 Throwing
 - Level 2.7 Dodging
 + Level 4.5 Spellcasting
 + Level 3.6 Hexes
 + Level 3.7 Necromancy


You had 8 spell levels left.
You knew the following spells:

 Your Spells              Type           Power      Damage    Failure   Level
a - Necrotise             Necr           48%        1d6       4%          1
b - Anguish               Hex/Necr       6%         N/A       45%         4
c - Dispel Undead         Necr           12%        3d9       45%         4

Your spell library contained the following spells:

 Spells                   Type           Power      Damage    Failure   Level
 Sublimation of Blood     Necr           12%        N/A       8%          2
 Kiss of Death            Conj/Necr      28%        2d7       11%         1
 Vampiric Draining        Necr           12%        2d6       16%         3
 Foxfire                  Conj/Fire      8%         2x1d4     24%         1
 Animate Dead             Necr           12%        N/A       45%         4
 Borgnjor's Vile Clutch   Necr/Erth      3%         N/A       96%         5
 Fireball                 Conj/Fire      1%         3d3       100%        5
 Simulacrum               Ice/Necr       3%         N/A       100%        6
 Starburst                Conj/Fire      1%         6d3       100%        6
 Enfeeble                 Hex            6%         N/A       100%        7
 Haunt                    Necr/Summ      3%         N/A       100%        7
 Infestation              Necr           6%         N/A       100%        8


Dungeon Overview and Level Annotations

Branches:
Dungeon (8/15)             Temple (1/1) D:5           Sewer (visited)
   Lair: D:8-11

Altars:
Ashenzari
Dithmenos
Gozag
Hepliaklqana
Kikubaaqudgha
Makhleb
Qazlal
Ru
Sif Muna
Trog
Uskayaw
Vehumet
Yredelemnul
Zin

Shops:
D:5 ?


Innate Abilities, Weirdness & Mutations

You are too large for most types of armour.
You have tough skin. (AC +1)


Message History

Something draws strength from your injuries!
You barely miss something. Something hits you but does no damage.
Something bites you!
Something draws strength from your injuries!
You closely miss something.
You feel less confused. Something hits you. Something bites you.
Something draws strength from your injuries!
You barely miss something. Something hits you but does no damage.
Something bites you!
Something draws strength from your injuries!
Something hits you. Something bites you but does no damage.
You impale something!!
You hear some strange, mumbled words.
You are confused.
You miss something.
You hear some strange, mumbled words.
Something tries to affect you, but you resist.
You hear some strange, mumbled words.
Something tries to affect you, but you resist.
You miss something. Something draws life force from you. Something hits you!
Something bites you but does no damage.
You bump into the rock wall.
Something hits you but does no damage. Something bites you.
Something draws strength from your injuries!
You completely miss something.
You feel less confused. Something hits you but does no damage.
Something bites you but does no damage.
You closely miss something. Something hits you but does no damage.
Something bites you!
* * * LOW HITPOINT WARNING * * *
Something draws strength from your injuries!
Something hits you.
* * * LOW HITPOINT WARNING * * *
Something bites you.
* * * LOW HITPOINT WARNING * * *
Something draws strength from your injuries!
You thump something! Something draws life force from you!!
You die...
Kikubaaqudgha rasps: "You have failed me!
Welcome... death!"

... #....... #.# #.......
#+ #.# #....... ... #.#
#.###.## .... ####.# #.#
#... ..... ##.##.# #.####.#
......####...#.#####.......
......'(..{................
....!.####@..#.#########...
..... ##....# ##.# ....
#.#### ### ..V #.# #+ #.#
###### #.# ####..... #.#
#........ #.# #.##.##.# #)#
#.##.##.#


There were no monsters in sight!

Vanquished Creatures
  Grinder (D:4)
  A water moccasin (D:6)
  Pargi (Sewer)
  2 ice beasts
  2 black bears
  A sky beast (D:7)
  An ogre (D:6)
  A centaur (D:5)
  A bullfrog (D:8)
  A gnoll sergeant (D:6)
  6 necrophages
  4 scorpions
  4 wights (D:7)
  4 hounds
  2 jellies
  A human zombie (D:7)
  6 orc priests
  A gnoll bouda (D:3)
  3 iguanas (D:6)
  13 orc wizards
  3 mummies (D:7)
  A howler monkey zombie (D:7)
  6 adders
  8 gnolls
  2 white imps
  An ufetubus (D:5)
  2 dart slugs
  25 orcs
  9 endoplasms
  6 giant cockroaches
  6 goblins
  9 hobgoblins
  5 jackals
  4 quokkas
  5 ball pythons
  5 bats
  A frilled lizard (D:2)
  3 kobolds (D:1)
  7 rats
164 creatures vanquished.

Vanquished Creatures (others)
  2 fungi (D:4)
  8 plants (D:4)
10 creatures vanquished.

Grand Total: 174 creatures vanquished

Notes
Turn   | Place    | Note
-------+----------+-------------------------------------------
     0 | D:1      | VanDarkholme the Ogre Gladiator began the quest for the
                  | Orb.
     0 | D:1      | Reached XP level 1. HP: 22/22 MP: 1/1
   239 | D:1      | Reached XP level 2. HP: 29/31 MP: 2/2
   909 | D:2      | Reached XP level 3. HP: 37/37 MP: 3/3
  1857 | D:3      | Found a glowing silver altar of Zin.
  1884 | D:3      | Reached XP level 4. HP: 46/46 MP: 4/4
  2402 | D:3      | Identified the ring of Starshine {*Slow rF+ rC+ Str+5
                  | Dex+6}
  2504 | D:3      | Found a radiant altar of Vehumet.
  2516 | D:3      | Reached XP level 5. HP: 39/54 MP: 5/5
  2571 | D:3      | Found an ancient bone altar of Kikubaaqudgha.
  2606 | D:3      | Found a shimmering blue altar of Sif Muna.
  2633 | D:3      | Became a worshipper of Kikubaaqudgha
  2729 | D:3      | Reached XP level 6. HP: 63/63 MP: 6/6
  3260 | D:3      | Reached skill level 5 in Fighting
  3260 | D:3      | Reached skill level 5 in Maces & Flails
  3570 | D:4      | Found a broken altar of Ashenzari.
  3613 | D:4      | Reached XP level 7. HP: 22/72 MP: 7/7
  4143 | D:3      | Reached * piety under Kikubaaqudgha
  4143 | D:3      | Received a gift from Kikubaaqudgha
  4168 | D:3      | Learned a level 1 spell: Necrotise
  4173 | D:3      | Learned a level 4 spell: Anguish
  4589 | D:4      | Found a hazy altar of Hepliaklqana.
  4880 | D:4      | Reached skill level 1 in Spellcasting
  4931 | D:5      | Entered Level 5 of the Dungeon
  4931 | D:5      | Found a hide-covered altar of Uskayaw.
  4934 | D:5      | Found a glowing drain.
  4978 | Sewer    | Entered a sewer
  5044 | Sewer    | Noticed Pargi
  5053 | Sewer    | Killed Pargi
  5054 | Sewer    | Reached skill level 1 in Hexes
  5054 | Sewer    | Reached skill level 1 in Necromancy
  5054 | Sewer    | Reached XP level 8. HP: 69/83 MP: 8/10
  5145 | D:5      | Noticed Grinder
  5282 | D:4      | Killed Grinder
  5585 | D:5      | Found Mima's Magic Scroll Shop.
  5592 | D:5      | Bought a scroll of magic mapping for 82 gold pieces
  5592 | D:5      | Bought a scroll of teleportation for 33 gold pieces
  5592 | D:5      | Bought a scroll of identify for 22 gold pieces
  5630 | D:5      | Found a stormy altar of Qazlal.
  5656 | D:5      | Found a staircase to the Ecumenical Temple.
  5764 | Temple   | Entered the Ecumenical Temple
  6092 | D:6      | Reached skill level 5 in Throwing
  6147 | D:6      | Found a burning altar of Makhleb.
  6412 | D:6      | Reached XP level 9. HP: 93/93 MP: 13/13
  6699 | D:7      | Found a basalt altar of Yredelemnul.
  6712 | D:7      | Reached ** piety under Kikubaaqudgha
  6999 | D:7      | Found an opulent altar of Gozag.
  7704 | D:8      | Reached *** piety under Kikubaaqudgha
  7704 | D:8      | Received a gift from Kikubaaqudgha
  7710 | D:8      | Learned a level 4 spell: Dispel Undead
  7900 | D:8      | Killed from afar by a vampire

Illustrated notes

Levels and vault maps discovered:
D:1:      dpeg_arrival_arbitrary_c, layout_basic
D:2:      minmay_spotlight, layout_basic
D:3:      layout_basic, palyth_temple_overflow_mages, zin_scriptorium
D:4:      nicolae_cairo_tiling_very_big, layout_rooms,
          nicolae_hepliaklqana_hazy_memory, nicolae_ashenzari_skybound,
          serial_aquarium, aquarium_bridge_long_separate
          [aquarium_subvault_window, aquarium_subvault_bridge,
          aquarium_subvault_wall, aquarium_subvault_bridge,
          aquarium_subvault_bridge, aquarium_subvault_window],
          aquarium_window_1, aquarium_window_corridor_1, aquarium_view_2e,
          chequers_hall_statues_y, minmay_ruptured
D:5:      layout_cave_pools, nicolae_qazlal_eye_of_the_storm,
          mainiacjoe_overflow_catwalk, temple_doors_e, serial_shops,
          nicolae_shop_crystal, cheibrodos_sewer_entry_drain, uniq_grinder
D:6:      layout_loops_cross, mainiacjoe_overflow_surrounded_room
D:7:      layout_loops_ring, lemuel_mausoleum_altar_yredelemnul,
          grunt_gozag_statues
D:8:      layout_loops_corners, nemelex_diamond_rough_becter
Temple:   hellmonk_temple_two_chambers

Skill      XL: |  1  2  3  4  5  6  7  8  9 |
---------------+----------------------------+-----
Fighting       | 3 4 5 6 7 8 |  8.0
Maces & Flails | 3 4 5 6 7 8 |  8.1
Throwing       | 3 4 5 |  5.0
Spellcasting   | 1 3 4 |  4.5
Hexes          | 1 2 3 |  3.6
Necromancy     | 1 2 3 |  3.7
Dodging        | |  2.7

Action                     |  1- 3 |  4- 6 |  7- 9 || total
---------------------------+-------+-------+-------++-------
  Melee: Flail             |   112 |   113 |   113 ||   338
         Punch             |     1 |     2 |     1 ||     4
         Dagger            |       |    41 |    97 ||   138
         Dire flail        |       |       |   137 ||   137
         Giant spiked club |       |       |    13 ||    13
  Throw: Stone             |    17 |       |       ||    17
         Boomerang         |     3 |    10 |     1 ||    14
         Dart              |       |     6 |       ||     6
         Throwing net      |       |     3 |       ||     3
         Large rock        |       |     1 |    27 ||    28
    Use: Scroll            |     1 |       |    13 ||    14
   Stab: Sleeping          |     1 |     1 |       ||     2
 Armour: Robe              |    38 |    74 |    46 ||   158
         Troll leather arm |       |       |    78 ||    78
  Dodge: Dodged            |    46 |    79 |   190 ||   315

Table legend: (Time is in decaauts)
 A = Elapsed time spent in this place.
 B = Non-inter-level travel time spent in this place.
 C = Inter-level travel time spent in this place.
 D = Time resting spent in this place.
 E = Time spent auto-exploring this place.
 F = Levels seen in this place.
 G = Mean time per level.
                   A        B        C        D        E       F      G
               +--------+--------+--------+--------+--------+-----+--------+
         Total |   7974 |   7567 |    407 |   1262 |   3718 |  10 |  797.4 |
       Dungeon |   7817 |   7410 |    407 |   1260 |   3677 |   8 |  977.1 |
        Temple |      1 |      1 |      0 |      0 |      0 |   1 |    1.0 |
         Sewer |    154 |    154 |      0 |      2 |     41 |   1 |  154.0 |
               +--------+--------+--------+--------+--------+-----+--------+

Top non-repeatable levels by time:
     D:4: 1647 daAuts
     D:3: 1538 daAuts
     D:2: 1066 daAuts
     D:6: 901 daAuts
     D:1: 871 daAuts
     D:7: 789 daAuts
     D:5: 577 daAuts
     D:8: 425 daAuts
   Sewer: 154 daAuts
  Temple: 1 daAuts
